cohdb
Replays
Latest Replays
All Replays
Popular Replays
Top Player Replays
Match Explorer
How It Works
Community
CoH3 Stats
Reddit
Sign in to upload your games and track your stats! →
Sign in with Steam
Match 43657081
Unlisted
Match 43657081
Overview
Messages
Build Orders
End
Construct Infanterie Kompanie
Selects Terror Battlegroup
Selects Machine Gun Camouflage
MG 42 Machine Gun Team
Grenadier Squad
Grenadier Squad
Construct Luftwaffe Kompanie
Selects Contempt for the Weak
Luftwaffe Officer Quarters
Jäger Squad
Jäger Squad
MG 42 Machine Gun Team
Construct Panzer Kompanie
Jäger Squad
Selects Propaganda Leaflet Drop
Jäger Squad
Sturmpanzer IV Brummbär
Side Skirts
Medical Station
Propaganda Leaflet Drop
Pioneer Squad
Selects V1 Rocket Strike
Panzer IV Medium Tank
Propaganda Leaflet Drop
Medical Bunker
Panzer IV Medium Tank
MG 42 Bunker
Propaganda Leaflet Drop
Panzer IV Medium Tank
Pioneer Squad
Pioneer Squad
Jäger Squad
Panzer Officer Quarters
Selects No Quarter
Selects King Tiger Heavy Tank
Jäger Squad
Propaganda Leaflet Drop
Ironclad Cat
qffg
Liviu
Moint_pan
ben_white2
FXX
pig
Moraine
0
0
Comments
sign in to comment!
No comments posted yet!